 Dungeon Crawl Stone Soup version 0.23-a0-398-g8eab93fbe2 (webtiles) character file.

1304 Holzbalken the Basher (level 8, -1/57 HPs)
             Began as a Demonspawn Gladiator on Nov 3, 2018.
             Slain by an orc warrior
             ... wielding a +0 halberd
              (15 damage)
             ... on level 6 of the Dungeon.
             The game lasted 00:14:49 (5742 turns).

Holzbalken the Basher (Demonspawn Gladiator)        Turns: 5742, Time: 00:14:49

Health: -1/57      AC:  8    Str: 14 (16) XL:     8   Next: 31%
Magic:  8/8        EV: 11    Int:  8 (10) God:
Gold:   185        SH:  8    Dex: 14 (15) Spells: 7/7 levels left

rFire    + . .     SeeInvis .   a - +0 flail
rCold    . . .     Gourm    .   r - +0 buckler
rNeg     . . .     Faith    .   q - +1 ring mail {rPois}
rPois    +         Spirit   .   (helmet restricted)
rElec    .         Reflect  +   A - +0 cloak
rCorr    .         Harm     .   u - +0 pair of gloves (curse)
MR       .....                  (no boots)
Stlth    ++........             e - +3 amulet of reflection
HPRegen  0.19/turn              m - ring of stealth
MPRegen  0.11/turn              y - ring of fire

@: about to teleport
A: horns 2, cold resistance 1
a: no special abilities


You were on level 6 of the Dungeon.
You were not hungry.

You visited 1 branch of the dungeon, and saw 6 of its levels.

You collected 185 gold pieces.

Inventory:

Hand Weapons
 a - a +0 flail (weapon)
Missiles
 d - 3 throwing nets (quivered)
Armour
 q - a +1 ring mail of poison resistance (worn)
 r - a +0 buckler (worn)
 t - a +0 shield
 u - a cursed +0 pair of gloves (worn)
 A - a +0 cloak (worn)
Jewellery
 e - a +3 amulet of reflection (around neck)
 m - a ring of stealth (left hand)
 y - a ring of fire (right hand)
Wands
 w - a wand of acid (22)
Scrolls
 h - a scroll of blinking
 l - a scroll of identify
 o - a scroll of fear {unknown}
 p - a scroll of amnesia
 v - a scroll of teleportation
 z - a scroll of immolation {unknown}
Potions
 c - a potion of curing {unknown}
 g - a potion of magic {unknown}
 i - 2 potions of haste
 j - a potion of lignification {unknown}
 k - a potion of brilliance
 n - a potion of berserk rage
 s - a potion of cancellation {unknown}
 x - a potion of degeneration
Comestibles
 f - 10 rations


   Skills:
 + Level 2.3 Fighting
 * Level 8.6 Maces & Flails
 - Level 1.7 Throwing
 - Level 2.6 Dodging
 - Level 4.0 Shields


You had 7 spell levels left.
You didn't know any spells.
Your spell library was empty.

Dungeon Overview and Level Annotations

Branches:
Dungeon (6/15)
 Temple: D:4-7

Altars:
Wu Jian

Shops:
D:4 [


Innate Abilities, Weirdness & Mutations

You have a pair of horns on your head.
Your flesh is cold resistant. (rC+)


Message History

You barely miss the orc. Your headbutt misses the orc.
You feel yourself speed up. The orc warrior barely misses you.
You block the orc's attack.
The orc priest calls down the wrath of Beogh upon you.
Pain shoots through your body!
* * * LOW HITPOINT WARNING * * *
The orc warrior closely misses you.
As you read the scroll of teleportation, it crumbles to dust.
You feel strangely unstable. You block the orc's attack.
The orc priest hits you but does no damage.
It was a potion of degeneration.
There was something very wrong with that liquid.
You feel weakened.
You feel dopey.
You feel clumsy. The orc warrior barely misses you.
The orc priest hits you but does no damage.
You block the orc's attack.
You closely miss the orc. You headbutt the orc.
The orc is almost dead.
The orc warrior hits you with a +0 halberd!
You die...

.# #.###.# ##.....## ##.#### .#
#.#.#.# ##.......## ##.....#
.###.....###.........####...##.#
...........'.........'.......# #
####....####....(#.ยง.....#..##
#...## ##....#.o.....#.#...
###.# ##.oo#.#...#.###.#..# #.#
##oo#o......# .. .# #.#
##@#o......# ..# # #.#
#o#.#...#.# .# #.#
####.#.......# #.#
#....#o......#
#.######.#..#.#...#.#
#...........#o.....
########....# #..### ##.#


You could see an orc warrior, an orc priest, an orc wizard and 2 orcs.

Vanquished Creatures
  Duvessa (D:6)
  3 ogres
  A phantom (D:4)
  A big kobold (D:6)
  A bullfrog (D:6)
  Dowan (D:6)
  2 scorpions (D:5)
  A howler monkey (D:6)
  A crimson imp (D:5)
  A hound (D:5)
  A bullfrog skeleton (D:5)
  2 orc priests (D:5)
  3 orc wizards
  Natasha (D:6)
  3 iguanas
  2 worker ants
  5 adders
  2 adder zombies
  4 worms
  A dart slug (D:3)
  3 leopard geckos
  8 orcs
  2 ball pythons
  12 giant cockroaches
  7 goblins
  6 hobgoblins
  4 jackals (D:3)
  2 quokkas
  7 bats
  2 frilled lizards (D:1)
  6 kobolds
  A quokka skeleton (D:5)
  2 quokka zombies
  A rat (D:2)
100 creatures vanquished.

Notes
Turn   | Place    | Note
-------+----------+-------------------------------------------
     0 | D:1      | Holzbalken the Demonspawn Gladiator began the quest for the
                  | Orb.
     0 | D:1      | Reached XP level 1. HP: 16/16 MP: 1/1
    91 | D:1      | Reached skill level 3 in Maces & Flails
   135 | D:1      | Gained mutation: You have a pair of small horns on your
                  | head. [demonic ancestry]
   135 | D:1      | Reached XP level 2. HP: 21/22 MP: 2/2
   664 | D:2      | Found an ornate altar of the Wu Jian Council.
   679 | D:2      | Reached XP level 3. HP: 27/27 MP: 3/3
   953 | D:2      | Reached skill level 4 in Maces & Flails
  1499 | D:3      | Reached skill level 1 in Shields
  1499 | D:3      | Gained mutation: You have a pair of horns on your head.
                  | [demonic ancestry]
  1499 | D:3      | Reached XP level 4. HP: 10/33 MP: 4/4
  2619 | D:4      | Noticed Natasha
  2630 | D:4      | Reached XP level 5. HP: 35/38 MP: 5/5
  2664 | D:4      | Noticed an ogre
  2673 | D:4      | Killed an ogre
  2690 | D:4      | Found Wimokh's Armour Shoppe.
  2967 | D:4      | Noticed a phantom
  3014 | D:4      | Killed a phantom
  3014 | D:4      | Reached XP level 6. HP: 11/44 MP: 6/6
  3342 | D:4      | Reached skill level 5 in Maces & Flails
  3640 | D:5      | Entered Level 5 of the Dungeon
  3717 | D:5      | Reached XP level 7. HP: 11/50 MP: 7/7
  3722 | D:5      | Reached skill level 6 in Maces & Flails
  4501 | D:5      | Reached skill level 7 in Maces & Flails
  4700 | D:6      | Noticed Dowan
  4704 | D:6      | Noticed Duvessa
  4720 | D:6      | Killed Duvessa
  4729 | D:6      | Killed Dowan
  4896 | D:6      | Gained mutation: Your flesh is cold resistant. (rC+)
                  | [demonic ancestry]
  4896 | D:6      | Reached XP level 8. HP: 46/56 MP: 8/8
  4955 | D:6      | Reached skill level 8 in Maces & Flails
  5650 | D:6      | Killed Natasha
  5742 | D:6      | Slain by an orc warrior

Vault maps used:
D:1:      shiori_arrival_maze, chequers_avenue
D:2:      old_standard_altar
D:4:      serial_shops, nicolae_shop_window_shopping, minmay_strange_pillars,
          minmay_misc_feat_room, uniq_natasha
D:5:      first_ration, lemuel_flame_loot_1
D:6:      temple_hall, uniq_duvessa

Skill      XL: |  1  2  3  4  5  6  7  8 |
---------------+-------------------------+-----
Maces & Flails | 3 4 5 7 8 |  8.6
Shields        | 1 2 4 |  4.0
Fighting       | |  2.3
Throwing       | |  1.7
Dodging        | |  2.6

Action                   |  1- 3 |  4- 6 |  7- 9 || total
-------------------------+-------+-------+-------++-------
Melee: Flail             |    88 |   145 |   155 ||   388
       Headbutt          |     5 |    25 |    32 ||    62
  Use: Scroll            |       |     9 |     2 ||    11
       Potion            |       |       |     1 ||     1
 Stab: Sleeping          |     1 |       |     3 ||     4
  Eat: Chunk             |     2 |     5 |     9 ||    16
Armor: Leather armour    |     4 |       |       ||     4
       Ring mail         |    20 |    37 |    28 ||    85
Dodge: Dodged            |    54 |    51 |    77 ||   182
Block: Other             |     9 |       |       ||     9
       Buckler           |     9 |    58 |    48 ||   115
       Reflection        |     1 |     2 |     1 ||     4

Table legend:
 A = Non-vault XP
 B = Vault XP
 C = Vault XP percentage of total XP
 D = Non-vault monster count
 E = Vault monster count
 F = Vault count percentage of total count
                 A         B        C        D         E       F
            +---------+---------+-------+---------+---------+-------
      Total |    1602 |     261 |  14.0 |      95 |       5 |   5.0
            +---------+---------+-------+---------+---------+-------
        D:1 |      23 |       3 |  11.5 |      14 |       2 |  12.5
        D:2 |      37 |       0 |   0.0 |      12 |       0 |   0.0
        D:3 |     107 |       0 |   0.0 |      21 |       0 |   0.0
        D:4 |     328 |       0 |   0.0 |      14 |       0 |   0.0
        D:5 |     608 |       0 |   0.0 |      19 |       0 |   0.0
        D:6 |     499 |     258 |  34.1 |      15 |       3 |  16.7
            +---------+---------+-------+---------+---------+-------
